 Dungeon Crawl Stone Soup version 0.31-a0-924-ge39a22a033 (webtiles) character file.

Game seed: 15675431840759313695

792 Morbidden the Conjurer (level 7, -4/56 HPs)
             Began as a White Draconian Conjurer on Oct 18, 2023.
             Was a Follower of Cheibriados.
             Slain by an iguana (10 damage)
             ... on level 5 of the Dungeon.
             The game lasted 00:08:58 (5545 turns).

Morbidden the Conjurer (White Draconian Conjurer)   Turns: 5545, Time: 00:08:59

Health: -4/56      AC:  6    Str: 12    XL:     7   Next: 57%
Magic:  0/13       EV: 17    Int: 25    God:    Cheibriados [*.....]
Gold:   210        SH:  0    Dex: 11    Spells: 8/15 levels left

rFire   . .          .
                       - Unarmed
rCold   + . .        (no shield)
rNeg    . . .        (body armour unavailable)
rPois   .            (helmet restricted)
rElec   .            (no cloak)
rCorr   .            (no gloves)
SInv    .            (no boots)
Will    +....        (no amulet)
Stlth   ++           c - ring "Jiliowocwi" {EV+5 Int+3}
HPRegen 0.29/turn    (no ring)
MPRegen 0.13/turn

%: no passive effects
@: very slow
A: breathe frost, AC +6, unfitting armour, cold resistance 1, cold-blooded,
strong-willed 1, teleportitis 1, wild magic 1, MP-powered wands
a: Breathe Frost, Renounce Religion, Bend Time


You were on level 5 of the Dungeon.
You worshipped Cheibriados.
Cheibriados was aware of your devotion.
You visited 2 branches of the dungeon, and saw 6 of its levels.

You collected 210 gold pieces.

Inventory:

Jewellery
 c - the ring "Jiliowocwi" (left hand) {EV+5 Int+3}
   (You found it on level 2 of the Dungeon)

   [ring of evasion]

   EV+5:      It affects your evasion (+5).
   Int+3:     It affects your intelligence (+3).
Wands
 h - a wand of flame (10)
Scrolls
 d - a scroll of amnesia
 e - a scroll of acquirement {unknown}
 f - a scroll of blinking {unknown}
 g - 4 scrolls of identify
Potions
 a - a potion of magic
 i - a potion of heal wounds
 k - a potion of curing {unknown}


   Skills:
 * Level 2.6 Fighting
 * Level 2.8 Dodging
 + Level 2.2 Stealth
 * Level 2.1 Unarmed Combat
 * Level 4.6 Spellcasting
 * Level 6.0 Conjurations
 * Level 1.5 Translocations
 * Level 1.9 Invocations


You had 8 spell levels left.
You knew the following spells:

 Your Spells              Type           Power      Damage    Failure   Level
a - Magic Dart            Conj           100%       1d8       1%          1
b - Searing Ray           Conj           94%        2d7       2%          2
z - Iskenderun's Mystic   Conj/Tloc      32%        2d8       26%         4

Your spell library contained the following spells:

 Spells                   Type           Power      Damage    Failure   Level
 Dazzling Flash           Conj/Hex       54%        N/A       12%         3
 Volatile Blastmotes      Fire/Tloc      24%        2d12      26%         3
 Fulminant Prism          Conj/Hex       13%        3d9       32%         4
 Tukima's Dance           Hex            7%         N/A       34%         3
 Dimensional Bullseye     Hex/Tloc       6%         N/A       61%         4
 Summon Ice Beast         Ice/Summ       7%         N/A       73%         4
 Summon Mana Viper        Hex/Summ       7%         N/A       96%         5
 Starburst                Conj/Fire      13%        6d6       99%         6
 Monstrous Menagerie      Summ           3%         N/A       100%        7
 Maxwell's Capacitive Co  Air            3%         ∞         100%        8


Dungeon Overview and Level Annotations

Branches:
Dungeon (5/15)             Temple (1/1) D:4

Altars:
Ashenzari
Cheibriados
Dithmenos
Elyvilon
Fedhas
Gozag
Hepliaklqana
Kikubaaqudgha
Makhleb
Nemelex Xobeh
Okawaru
Qazlal
Ru
Trog
Uskayaw
Vehumet
Wu Jian
Xom
Yredelemnul
Zin
The Shining One


Innate Abilities, Weirdness & Mutations

You can breathe waves of freezing cold which knock back foes.
Your icy white scales are hard. (AC +6)
You cannot fit into any form of body armour.
Your flesh is cold resistant. (rC+)
You are cold-blooded and may be slowed by cold attacks.
You are strong-willed. (Will+)
You are occasionally teleported next to monsters.
Your spells are a little harder to cast, but a little more powerful.
You expend magic power (3 MP) to strengthen your wands.


Message History

Confirm with . or Enter, or press ? or * to list all spells.
Aiming: Magic Dart (safe; 1% risk of failure)
Press: ? - help, Shift-Dir - straight line, f - gnoll
Aim: a gnoll, wielding a +0 flail (heavily wounded, 100% to hit)
The magic dart hits the gnoll.
The gnoll is severely wounded.
The gnoll closely misses you.
You closely miss the gnoll.
Your tail-slap misses the gnoll.
You punch the gnoll, but do no damage.
The gnoll is severely wounded.
The gnoll hits you with a +0 flail.
* * * LOW HITPOINT WARNING * * *
Unknown command.
You barely miss the gnoll.
Your tail-slap misses the gnoll.
The gnoll is severely wounded.
The gnoll hits you but does no damage.
You hit the gnoll but do no damage.
The gnoll is severely wounded.
The gnoll completely misses you.
You hit the gnoll.
You kill the gnoll!
Cheibriados appreciates the change of pace.
Your life force feels restored.
You barely miss the iguana. The iguana bites you.
* * * LOW HITPOINT WARNING * * *
Unknown command.
Casting: Magic Dart (safe; 1% risk of failure)
Confirm with . or Enter, or press ? or * to list all spells.
Aiming: Magic Dart (safe; 1% risk of failure)
Press: ? - help, Shift-Dir - straight line, f - iguana
Aim: an iguana (100% to hit)
The magic dart hits the iguana.
The iguana is moderately wounded.
The iguana bites you!
* * * LOW HITPOINT WARNING * * *
Unknown command.
You hit the iguana but do no damage.
The iguana is moderately wounded.
The iguana bites you!
You die...

######.
....) #..#
.#####).#
........#
#######.#
#..[#.#
#.#.#l#
#.#.#@#
#.#.#.#
#.#<#†#
#.#.###.#.#
#.........#
###.....###
#####.# ###


You could see an iguana.

Vanquished Creatures
  Edmund (D:4)
  An ice beast (D:4)
  A gnoll sergeant (D:5)
  A hound (D:4)
  An iguana (D:4)
  Terence (D:3)
  Ijyb (D:3)
  Natasha (thrice) (D:3)
  4 orc wizards (D:4)
  8 adders
  4 gnolls (D:5)
  3 worms
  5 dart slugs
  18 orcs
  9 ball pythons
  9 endoplasms
  3 giant cockroaches
  6 goblins
  4 hobgoblins
  6 jackals
  6 quokkas
  3 bats
  4 frilled lizards
  4 kobolds
  5 rats
111 creatures vanquished.

Notes
Turn   | Place    | Note
-------+----------+-------------------------------------------
     0 | D:1      | Morbidden the Draconian Conjurer began the quest for the
                  | Orb.
     0 | D:1      | Reached XP level 1. HP: 14/14 MP: 3/3
   220 | D:1      | Reached skill level 1 in Fighting
   220 | D:1      | Reached XP level 2. HP: 20/23 MP: 0/5
   643 | D:1      | Found a faded altar of an unknown god.
   791 | D:1      | Found an iron altar of Okawaru.
   827 | D:2      | Learned a level 2 spell: Searing Ray
  1094 | D:2      | Identified the ring "Jiliowocwi" {EV+5 Int+3}
  1171 | D:2      | Reached XP level 3. HP: 24/28 MP: 3/6
  1784 | D:2      | Reached XP level 4. HP: 35/35 MP: 3/7
  2093 | D:2      | Reached skill level 1 in Unarmed Combat
  2344 | D:3      | Reached skill level 5 in Conjurations
  2533 | D:3      | Noticed Ijyb
  2562 | D:3      | Noticed Terence
  2567 | D:3      | Noticed Natasha
  2636 | D:3      | Killed Terence
  2637 | D:3      | Reached XP level 5. HP: 41/41 MP: 3/9
  2804 | D:3      | Killed Ijyb
  2898 | D:3      | Killed Natasha
  3092 | D:3      | Noticed Natasha
  3099 | D:3      | Killed Natasha
  3124 | D:3      | Noticed Natasha
  3132 | D:3      | Killed Natasha
  3356 | D:3      | Found a sacrificial altar of Ru.
  3385 | D:3      | Reached XP level 6. HP: 48/48 MP: 7/11
  3390 | D:3      | Learned a level 4 spell: Iskenderun's Mystic Blast
  4017 | D:4      | Found a staircase to the Ecumenical Temple.
  4131 | Temple   | Entered the Ecumenical Temple
  4150 | Temple   | Became a worshipper of Cheibriados the Contemplative
  4398 | D:4      | Noticed an ice beast
  4408 | D:4      | Killed an ice beast
  4801 | D:4      | Reached skill level 1 in Invocations
  4983 | D:4      | Noticed Edmund
  5021 | D:4      | Killed Edmund
  5022 | D:4      | Reached skill level 1 in Translocations
  5022 | D:4      | Your scales start taking on an icy white colour.
  5022 | D:4      | Reached XP level 7. HP: 15/48 MP: 1/13
  5022 | D:4      | Gained mutation: Your flesh is cold resistant. (rC+) [White
                  | Draconian growth]
  5190 | D:4      | Reached * piety under Cheibriados
  5195 | D:4      | Reached skill level 6 in Conjurations
  5479 | D:5      | Entered Level 5 of the Dungeon
  5506 | D:5      | Gained mutation: You are occasionally teleported next to
                  | monsters. [potion of mutation]
  5506 | D:5      | Gained mutation: You possess an exceptional clarity of
                  | mind. [potion of mutation]
  5506 | D:5      | Gained mutation: You are dopey. (Int -2) [potion of
                  | mutation]
  5506 | D:5      | Gained mutation: You have large cloven feet. [potion of
                  | mutation]
  5507 | D:5      | Lost mutation: You are dopey. (Int -2) [potion of mutation]
  5507 | D:5      | Lost mutation: You have large cloven feet. [potion of
                  | mutation]
  5507 | D:5      | Gained mutation: Your system is resistant to poisons.
                  | (rPois) [potion of mutation]
  5507 | D:5      | Gained mutation: You are dopey. (Int -2) [potion of
                  | mutation]
  5507 | D:5      | Gained mutation: Your tail ends in a venomous barb. [potion
                  | of mutation]
  5508 | D:5      | Lost mutation: Your tail ends in a venomous barb. [potion
                  | of mutation]
  5508 | D:5      | Lost mutation: Your system is resistant to poisons. (rPois)
                  | [potion of mutation]
  5508 | D:5      | Gained mutation: Your spells are a little easier to cast,
                  | but a little less powerful. [potion of mutation]
  5508 | D:5      | Gained mutation: You are strong-willed. (Will+) [potion of
                  | mutation]
  5509 | D:5      | Lost mutation: You possess an exceptional clarity of mind.
                  | [potion of mutation]
  5509 | D:5      | Lost mutation: You are dopey. (Int -2) [potion of mutation]
  5509 | D:5      | Lost mutation: Your spells are a little easier to cast, but
                  | a little less powerful. [potion of mutation]
  5509 | D:5      | Gained mutation: You expend magic power (3 MP) to
                  | strengthen your wands. [potion of mutation]
  5509 | D:5      | Gained mutation: Your spells are a little harder to cast,
                  | but a little more powerful. [potion of mutation]
  5545 | D:5      | Slain by an iguana

Illustrated notes

Levels and vault maps discovered:
D:1:      dpeg_arrival_water_altar, layout_rooms,
          dreamdust_ecumenical_altar_hidden_monk_grotto
D:2:      layout_rooms, minivault_11, nicolae_half_adder
D:3:      layout_rooms, nicolae_ru_the_path_less_chosen, uniq_terence,
          uniq_natasha, uniq_ijyb
D:4:      layout_basic, minmay_temple_entry_slanted, kennysheep_small_spiral,
          uniq_edmund
D:5:      layout_basic, uniq_blork_the_orc
Temple:   nicolae_temple_slightly_damp_pantheon

Skill      XL: |  1  2  3  4  5  6  7 |
---------------+----------------------+-----
Fighting       | 1 2 |  2.6
Stealth        | 2 |  2.2
Dodging        | 2 |  2.8
Unarmed Combat | 1 2 |  2.1
Conjurations   | 5 6 |  6.0
Spellcasting   | 3 4 |  4.6
Invocations    | 1 |  1.9
Translocations | 1 |  1.5

Action                     |  1- 3 |  4- 6 |  7- 9 || total
---------------------------+-------+-------+-------++-------
  Melee: Unarmed           |    27 |     7 |    22 ||    56
         Tailslap          |     4 |     1 |       ||     5
         Punch             |       |     1 |     2 ||     3
   Cast: Magic Dart        |    70 |   119 |     6 ||   195
         Searing Ray       |     2 |    17 |     7 ||    26
         Iskenderun's Myst |       |     2 |       ||     2
Ability: Breathe Frost     |       |       |     1 ||     1
  Evoke: Wand              |       |     2 |       ||     2
    Use: Scroll            |       |     5 |       ||     5
         Potion            |       |     2 |     4 ||     6
 Armour: Skin              |    16 |    28 |    19 ||    63
  Dodge: Dodged            |    13 |    29 |    30 ||    72

Table legend: (Time is in decaauts)
 A = Elapsed time spent in this place.
 B = Non-inter-level travel time spent in this place.
 C = Inter-level travel time spent in this place.
 D = Time resting spent in this place.
 E = Time spent auto-exploring this place.
 F = Levels seen in this place.
 G = Mean time per level.
                   A        B        C        D        E       F      G
               +--------+--------+--------+--------+--------+-----+--------+
         Total |   5762 |   5593 |    169 |    782 |   4176 |   6 |  960.3 |
       Dungeon |   5718 |   5590 |    128 |    782 |   4176 |   5 | 1143.6 |
        Temple |     43 |      2 |     41 |      0 |      0 |   1 |   43.0 |
               +--------+--------+--------+--------+--------+-----+--------+

Top non-repeatable levels by time:
     D:4: 1920 daAuts
     D:2: 1532 daAuts
     D:3: 1249 daAuts
     D:1: 940 daAuts
     D:5: 75 daAuts
  Temple: 43 daAuts
